Map: Kairos Junction LE

Players

jheffe

  • Race: Terran Terran
  • League: Master
  • Spawn Location: 5:00

A.I. 2 (Very Hard) - Winner!

  • Race: Terran Terran
  • Spawn Location: 11:00

VOD

Have the link to the VOD?

Description

Time

  • Played on: July 29, 2019, 10:42 p.m.
  • Length: 10:46
Show
View Real Time Build Order
Export as new Build Order

jheffe Terran 

Build Orders: Gas First Reaper Expand 

Get SALT Encoding   

  12  0:00  SCV  
  13  0:12  SCV  
  14  0:17  Supply Depot  
  14  0:24  SCV  
  14  0:27  Refinery  
  15  0:38  SCV  
  16  0:44  Barracks  
  16  0:50  SCV  
  17  1:03  SCV  
  18  1:15  SCV  
  19  1:31  Reaper, Orbital Command  
  20  1:46  Command Center  
  20  1:57  SCV  
  20  2:01  Factory  
  21  2:05  Barracks Reactor  
  21  2:09  SCV  
  22  2:16  Supply Depot  
  22  2:20  Refinery  
  22  2:25  SCV  
  23  2:38  SCV  
  24  2:48  Starport  
  24  2:52  SCV  
  24  2:53  Hellion x2  
  24  2:58  Orbital Command  
  29  3:04  Barracks Tech Lab  
  29  3:05  SCV  
  30  3:15  Hellion  
  30  3:18  Hellion  
  34  3:21  SCV  
  35  3:30  SCV  
  35  3:34  Supply Depot, Raven  
  35  3:39  SCV  
  38  3:42  SCV  
  39  3:48  Marine  
  39  3:49  Marine  
  39  3:51  Factory Tech Lab  
  39  3:52  SCV  
  39  3:54  Refinery  
  39  3:55  SCV  
  43  4:04  SCV  
  43  4:07  SCV  
  45  4:10  Supply Depot  
  45  4:11  Bunker  
  45  4:12  Marine x2  
  45  4:13  Siege Tank  
  50  4:17  SCV  
  50  4:21  SCV  
  52  4:25  Raven  
  54  4:31  Marine x2  
  54  4:32  SCV  
  54  4:33  SCV  
  54  4:35  Supply Depot  
  58  4:40  Supply Depot  
  58  4:44  SCV  
  58  4:45  SCV  
  60  4:56  Siege Tank, SCV  
  60  4:57  SCV  
  65  5:08  SCV  
  65  5:09  Command Center  
  67  5:17  SCV  
  67  5:25  Viking x2  
  71  5:29  Siege Tank  
  71  5:31  Stimpack  
  71  5:32  SCV x2  
  71  5:35  Refinery, Supply Depot  
  76  5:42  Engineering Bay x2  
  76  5:44  SCV  
  76  5:49  SCV  
  78  5:56  SCV  
  79  5:57  Viking  
  79  6:00  Barracks x2, Viking  
  79  6:01  Siege Tank  
  86  6:05  Supply Depot  
  86  6:10  Terran Infantry Weapons Level 1  
  86  6:19  Terran Infantry Armor Level 1  
  86  6:21  SCV x2  
  86  6:24  Orbital Command  
  88  6:29  Viking  
  90  6:35  Barracks  
  90  6:36  Barracks  
  90  6:37  Siege Tank  
  90  6:39  SCV x2  
  95  6:47  Orbital Command  
  95  6:49  Barracks Reactor x2  
  95  6:53  SCV  
  96  6:56  SCV  
  97  7:05  SCV  
  97  7:06  Viking  
  100  7:09  SCV  
  101  7:22  SCV x2  
  103  7:23  SCV  
  103  7:25  Barracks Reactor x2  
  103  7:26  Marine x4, Refinery  
  103  7:27  Marine  
  103  7:28  Refinery  
  109  7:32  Supply Depot x2  
  109  7:38  Combat Shield  
  109  7:53  Medivac, Siege Tank, SCV x3  
  109  7:54  Marine x5  
  122  8:00  Armory  
  122  8:02  Supply Depot  
  122  8:03  Supply Depot  
  122  8:04  Marine x3, Factory  
  125  8:09  Supply Depot  
  125  8:10  Supply Depot  
  125  8:21  Supply Depot  
  125  8:22  Supply Depot  
  125  8:24  Marine x5, Medivac, SCV  
  125  8:25  Marine x4, SCV x2  
  139  8:31  Siege Tank  
  142  8:37  SCV  
  143  8:41  Marine x4  
  139  8:50  Marine x4  
  131  8:55  Marine  
  131  8:59  Marine x4  
  134  9:03  Siege Tank  
  134  9:05  Factory Tech Lab  
  134  9:07  Marine  
  134  9:08  Marine x3  
  141  9:13  Marine  
  142  9:17  Marine x4  
  146  9:24  Command Center  
  146  9:25  Marine x2, Siege Tank  
  146  9:26  Marine x2  
  146  9:30  Supply Depot  
  146  9:31  Supply Depot  
  153  9:35  Siege Tank  
  156  9:38  Marine  
  156  9:39  Marine  
  158  9:49  Marine x3  
  158  9:50  Marine x4  
  165  9:56  Marine x2  
  165  9:59  Siege Tank  
  170  10:05  Medivac  
  170  10:06  Fusion Core, Medivac  
  174  10:07  Marine x6, Siege Tank, Starport  
  174  10:09  Starport  
  174  10:11  Marine  
  184  10:14  Marine x2  
  186  10:25  Marine x3  
Show
View Real Time Build Order
Export as new Build Order

A.I. 2 (Very Hard) Terran - Winner!

Build Orders:  

Get SALT Encoding   

  12  0:00  SCV  
  13  0:13  SCV  
  14  0:18  Supply Depot  
  14  0:25  SCV  
  15  0:39  SCV  
  16  0:43  Barracks  
  16  0:51  SCV  
  17  1:03  SCV  
  18  1:15  SCV  
  19  1:19  Command Center  
  19  1:30  Marine  
  20  1:32  Orbital Command  
  20  1:46  Supply Depot  
  20  1:48  Marine  
  20  1:50  Refinery  
  21  1:58  SCV  
  22  2:05  Marine  
  23  2:09  Barracks  
  23  2:10  SCV  
  23  2:19  Refinery  
  23  2:22  SCV  
  24  2:23  Marine  
  25  2:30  Supply Depot  
  25  2:34  SCV x2  
  27  2:47  Orbital Command  
  27  2:50  Marine  
  28  2:52  SCV  
  29  3:02  Factory  
  29  3:04  SCV  
  30  3:05  Marine  
  30  3:08  Marine  
  30  3:12  SCV  
  33  3:16  SCV  
  34  3:23  Marine  
  34  3:26  Marine  
  35  3:27  SCV  
  35  3:28  SCV  
  37  3:39  SCV  
  38  3:50  Engineering Bay  
  38  3:53  Starport  
  38  4:04  SCV  
  38  4:06  Barracks  
  38  4:07  SCV  
  38  4:09  Barracks Tech Lab  
  40  4:11  Barracks Tech Lab  
  40  4:13  Factory Tech Lab  
  40  4:16  SCV  
  41  4:18  Missile Turret  
  41  4:19  SCV  
  41  4:20  Missile Turret  
  42  4:28  Marine, SCV  
  42  4:30  Marine  
  42  4:31  Starport Tech Lab, SCV  
  45  4:36  Stimpack  
  46  4:44  Combat Shield  
  46  4:47  Supply Depot  
  46  4:49  Raven  
  49  4:52  SCV  
  49  4:55  SCV  
  49  4:56  Marine  
  49  4:58  Marine  
  52  5:00  Marine  
  53  5:09  SCV  
  53  5:10  Refinery  
  53  5:12  SCV  
  55  5:14  Marauder  
  55  5:18  Supply Depot  
  55  5:20  Marauder  
  59  5:21  SCV  
  59  5:26  Barracks Reactor  
  60  5:30  Refinery, SCV  
  60  5:34  SCV  
  62  5:40  Siege Tank, Marauder  
  62  5:41  Supply Depot  
  62  5:42  SCV, Marauder  
  70  5:46  SCV  
  70  6:02  Engineering Bay  
  70  6:03  Marauder, SCV x2  
  74  6:05  Missile Turret  
  74  6:07  Missile Turret, Marauder  
  74  6:10  Supply Depot  
  74  6:11  Terran Infantry Weapons Level 1  
  76  6:16  SCV  
  76  6:18  Barracks  
  77  6:19  SCV  
  78  6:28  Terran Infantry Armor Level 1  
  78  6:30  Missile Turret  
  78  6:31  Siege Tank, SCV  
  78  6:32  SCV, Marauder  
  85  6:34  Supply Depot  
  85  6:55  Marine, Medivac, Marauder  
  85  6:56  Concussive Shells  
  85  6:57  Supply Depot  
  90  7:03  Siege Tank  
  90  7:05  Command Center  
  93  7:18  Marine, Marauder  
  93  7:22  Supply Depot  
  96  7:25  Medivac  
  98  7:36  Siege Tank  
  101  7:44  Marauder  
  103  7:45  Barracks, Marauder  
  103  7:46  Supply Depot  
  105  8:02  Raven  
  105  8:05  Marauder  
  109  8:08  Widow Mine  
  109  8:11  Supply Depot  
  111  8:16  Marine  
  111  8:17  SCV x2  
  111  8:18  SCV  
  111  8:19  Factory  
  115  8:20  Missile Turret  
  115  8:29  Widow Mine, SCV  
  115  8:30  SCV x2  
  120  8:35  Refinery  
  120  8:37  Armory  
  120  8:40  Missile Turret  
  120  8:41  Missile Turret, SCV  
  120  8:42  SCV  
  120  8:43  Supply Depot, Orbital Command  
  120  8:45  Marine x5, Medivac  
  120  8:46  Refinery  
  120  8:47  Marine  
  108  8:51  Widow Mine  
  108  8:53  SCV  
  108  8:55  SCV  
  78  9:02  Marine  
  78  9:03  Marine x3, Marauder  
  78  9:05  Marine, SCV  
  78  9:07  SCV  
  78  9:09  SCV  
  88  9:12  Siege Tank  
  90  9:18  SCV  
  90  9:19  SCV  
  90  9:20  Marine  
  90  9:21  Marine, SCV  
  95  9:24  Marauder  
  95  9:30  SCV  
  98  9:31  SCV  
  98  9:33  SCV  
  100  9:39  Marauder  
  100  9:41  Viking  
  100  9:42  SCV  
  100  9:43  SCV  
  100  9:44  Siege Tank  
  100  9:45  SCV  
  101  9:46  Marauder  
  102  9:54  SCV  
  102  9:55  SCV  
  102  9:57  SCV  
  105  10:00  Marauder  
  105  10:06  SCV  
  108  10:07  Marauder  
  108  10:08  SCV  
  108  10:09  SCV  
  108  10:11  Viking  
  114  10:18  SCV  
  118  10:22  Marine, Marauder  
  118  10:23  Marine  
  118  10:24  Marine, Supply Depot  
  118  10:25  Marine  
  120  10:30  SCV  
Tags
 
Add a new tag
Caveats
  • Supply blocks, unpowered buildings, or Contaminate may cause inaccurate times.
  • Supply counts are checked every 10 seconds.